 Dungeon Crawl Stone Soup version 0.19.1-1-g22dce08 (webtiles) character file.

545 theAP the Cudgeler (level 7, 0/44 HPs)
             Began as a Gargoyle Fighter on Jan 5, 2017.
             Slain by Natasha (5 damage)
             ... on level 4 of the Dungeon.
             The game lasted 00:09:03 (3276 turns).

theAP the Cudgeler (Gargoyle Fighter)               Turns: 3276, Time: 00:09:03

Health: 0/44       AC:  0    Str: 25 (27) XL:     7   Next: 27%
Magic:  7/7        EV: 13    Int:  8      God:
Gold:   199        SH:  0    Dex:  8 (9)  Spells: 0 memorised, 6 levels left

rFire  . . .     SeeInvis .     (weapon currently unavailable)
rCold  . . .     Gourm    .     (armour currently unavailable)
rNeg   + . .     Faith    .     (shield currently unavailable)
rPois  ∞         Spirit   .     (helmet currently unavailable)
rElec  .         Reflect  .     (cloak currently unavailable)
rCorr  .         Harm     .     (gloves currently unavailable)
MR     .....                    (boots currently unavailable)
Stlth  +.........               (no amulet)
                                (ring currently unavailable)
                                (ring currently unavailable)

@: mighty, pig-form, very quick
A: negative energy resistance 1, (electricity resistance), (unbreathing),
petrification resistance, rot immunity, AC +4
a: no special abilities


You were on level 4 of the Dungeon.
You were not hungry.
You were a filthy swine.
You visited 1 branch of the dungeon, and saw 4 of its levels.

You collected 199 gold pieces.

Inventory:

Hand Weapons
 a - a +1 flail (melded)
 p - a +0 mace
Armour
 c - a +1 shield (melded)
 g - a +0 chain mail (melded)
 l - a +0 cloak (melded)
Wands
 m - a wand of iceblast (6/15)
Scrolls
 b - a scroll of recharging {unknown}
 e - a scroll of enchant armour
 j - a scroll of random uselessness
 k - 3 scrolls of enchant weapon
 r - 2 scrolls of teleportation {unknown}
 t - 3 scrolls of noise {unknown}
 w - a scroll of identify
Potions
 h - 2 potions of haste {unknown}
 i - a potion of degeneration
 n - a potion of brilliance {unknown}
 o - a potion of heal wounds {unknown}
 s - a potion of cure mutation {unknown}
 u - a potion of agility {unknown}
 v - a potion of cancellation {unknown}
Books
 q - a book of Cantrips

   Spells                             Type                      Level
   a - Confusing Touch                Hexes                        1
   b - Animate Skeleton               Necromancy                   1
   c - Summon Small Mammal            Summoning                    1
   d - Apportation                    Translocation                1
Comestibles
 f - 2 bread rations


   Skills:
 + Level 5.6 Fighting
 * Level 6.5 Maces & Flails
 - Level 3.2 Armour
 - Level 3.3 Shields


You had 6 spell levels left.
You didn't know any spells.

Dungeon Overview and Level Annotations

Branches:
Dungeon (4/15)
 Temple: D:4-7

Altars:

Annotations:
D:4 Natasha


Innate Abilities, Weirdness & Mutations

You are resistant to torment.
((Your stone body is resilient. (AC +4)))
You are immune to poison.
You resist negative energy. (rN+)
((You are resistant to electric shocks. (rElec)))
((You can survive without breathing.))
You are immune to petrification.
You are immune to rotting.


Message History

You closely miss the orc.
Natasha zaps a wand.
You turn into a filthy swine.
Your +1 flail melds into your body.
Your +0 cloak melds into your body.
Your +1 shield melds into your body.
Your +0 chain mail melds into your body.
It is a wand of polymorph {zapped: 2}.
The orc hits you with a flail of protection.
You hit the orc but do no damage.
Natasha hisses.
The orc hits you with a flail of protection.
You barely miss the iron imp. The iron imp hits you.
The worker ant closely misses you.
You hit Natasha but do no damage. The orc misses you. Natasha claws you!
* * * LOW HITPOINT WARNING * * *
The iron imp closely misses you. The worker ant bites you!
* * * LOW HITPOINT WARNING * * *
You are too injured to fight recklessly!
You are too injured to fight recklessly!
You feel very mighty all of a sudden. The orc barely misses you.
Natasha claws you.
You die...

###### ......####
......h..#### ##
......5h)...# #.
......o#a##.###########.
.......................>
.......#.....##########.
......!####..# #.
.....#. ##.# #. .....#.
#..#########. .....#.
#...!......#.
#..........#.


You could see a worker ant, an iron imp, Natasha and an orc.

Vanquished Creatures
  The ghost of theAP the Skirmisher, an amateur GrFi (D:4)
  2 hounds (D:3)
  An orc priest (D:3)
  Crazy Yiuf (D:2)
  4 orc wizards
  Natasha (twice) (D:4)
  6 adders
  An ooze (D:2)
  An adder skeleton (D:4)
  2 worms (D:2)
  A dart slug (D:3)
  3 leopard geckos (D:2)
  11 orcs
  5 bats
  3 giant cockroaches
  5 hobgoblins
  4 jackals (D:1)
  A quokka (D:3)
  5 frilled lizards
  11 goblins
  8 kobolds
  5 rats
83 creatures vanquished.

Notes
Turn   | Place    | Note
-------+----------+-------------------------------------------
     0 | D:1      | theAP the Gargoyle Fighter began the quest for the Orb.
     0 | D:1      | Reached XP level 1. HP: 14/14 MP: 1/1
   135 | D:1      | Reached XP level 2. HP: 17/19 MP: 2/2
   332 | D:1      | Reached skill level 3 in Maces & Flails
   570 | D:1      | Reached XP level 3. HP: 17/23 MP: 3/3
  1063 | D:2      | Reached XP level 4. HP: 16/29 MP: 4/4
  1247 | D:2      | Reached skill level 4 in Maces & Flails
  1643 | D:2      | Found a runed door.
  1647 | D:2      | Noticed Crazy Yiuf
  1655 | D:2      | Killed Crazy Yiuf
  1655 | D:2      | Reached XP level 5. HP: 19/34 MP: 5/5
  1940 | D:3      | Reached skill level 5 in Maces & Flails
  1940 | D:3      | Reached XP level 6. HP: 12/40 MP: 6/6
  1983 | D:3      | Reached skill level 5 in Fighting
  2875 | D:4      | Noticed theAP's ghost (amateur GrFi)
  2893 | D:4      | Killed theAP's ghost
  2893 | D:4      | Reached skill level 6 in Maces & Flails
  2893 | D:4      | Reached XP level 7. HP: 34/44 MP: 7/7
  3063 | D:4      | Noticed Natasha
  3085 | D:4      | Killed Natasha
  3105 | D:4      | Noticed Natasha
  3115 | D:4      | Killed Natasha
  3267 | D:4      | Noticed Natasha
  3276 | D:4      | Slain by Natasha

Skill      XL: |  1  2  3  4  5  6 |
---------------+-------------------+-----
Maces & Flails | 3 4 5 6 |  6.5
Fighting       | 4 5 |  5.6
Armour         | |  3.2
Shields        | |  3.3

Action                   |  1- 3 |  4- 6 |  7- 9 || total
-------------------------+-------+-------+-------++-------
Melee: Flail             |   154 |   196 |    34 ||   384
       Unarmed           |       |       |     3 ||     3
  Use: Scroll            |       |     5 |       ||     5
       Potion            |       |     5 |     1 ||     6
  Eat: Chunk             |     1 |     4 |     2 ||     7
       Beef jerky        |       |     1 |       ||     1
Armor: Scale mail        |    97 |    84 |       ||   181
       Skin              |       |    10 |       ||    10
       Chain mail        |       |    28 |    23 ||    51
Dodge: Dodged            |    53 |    41 |    13 ||   107
Block: Shield            |    88 |   108 |    19 ||   215
